 Dungeon Crawl Stone Soup version 0.30-a0-757-ga6a79fd877 (webtiles) character file.

Game seed: 8099047769667313741

44 Chaicat the Trooper (level 3, -3/33 (34) HPs)
             Began as a Minotaur Fighter on Feb 9, 2023.
             Was an Initiate of Ashenzari.
             Slain by an orc priest
             ... wielding a +0 hand axe
              (5 damage)
             ... on level 3 of the Dungeon.
             The game lasted 00:02:20 (1027 turns).

Chaicat the Trooper (Minotaur Fighter)              Turns: 1027, Time: 00:02:20

HP:   -3/33 (34)    AC: 14    Str: 19    XL:     3   Next: 39%
MP:   2/2           EV:  5    Int:  4    God:    Ashenzari [......]
Gold: 97            SH:  5    Dex: 17    Spells: 2/2 levels left

rFire   . . .      SeeInvis .    a - +0 war axe
rCold   . . .      Faith    .    c - +0 buckler
rNeg    . . .      Spirit   .    f - +0 plate armour
rPois   .          Reflect  .    (helmet restricted)
rElec   .          Harm     .    j - +0 cloak
rCorr   .          Rampage  .    g - +0 pair of gloves
Will    .....                    (no boots) Stlth
                                 (no amulet)
HPRegen 0.25/turn                e - ring of flight
MPRegen 0.08/turn                (no ring)

@: lethally poisoned (-3 -> -4), flying, lightly drained
A: horns 2, retaliatory headbutt, thin skeletal structure 1, agile 1, wild magic
1
a: Renounce Religion


You were on level 3 of the Dungeon.
You worshipped Ashenzari.
Ashenzari was noncommittal.
You visited 1 branch of the dungeon, and saw 3 of its levels.

You collected 97 gold pieces.

Inventory:

Hand Weapons
 a - a +0 war axe (weapon)
Armour
 c - a +0 buckler (worn)
 f - a +0 plate armour (worn)
 g - a +0 pair of gloves (worn)
 j - a +0 cloak (worn)
Jewellery
 e - a ring of flight (left hand)
Scrolls
 i - a scroll of enchant armour {unknown}
Potions
 b - a potion of magic {unknown}
 d - a potion of might


   Skills:
 * Level 4.3 Fighting
 + Level 3.0 Axes
 + Level 4.0 Armour
 + Level 4.0 Shields


You had 2 spell levels left.
You didn't know any spells.
Your spell library contained the following spells:

 Spells                   Type           Power      Damage    Failure   Level
 Lesser Beckoning         Tloc           0%         N/A       100%        2
 Gell's Gravitas          Tloc           0%         N/A       100%        3
 Teleport Other           Tloc           0%         N/A       100%        3


Dungeon Overview and Level Annotations

Branches:
Dungeon (3/15)

Altars:
Ashenzari


Innate Abilities, Weirdness & Mutations

You have a pair of horns on your head.
You reflexively headbutt those who attack you in melee.
You have a somewhat thin skeletal structure. (Dex +2, Stealth+)
You are agile. (Dex +4, Str/Int -1)
Your spells are a little harder to cast, but a little more powerful.


Message History

An orc priest comes into view. It is wielding a +0 hand axe.
The orc hits you but does no damage.
You are more poisoned.
You slash the orc!
You kill the orc!
You feel very sick.
An orc comes into view. It is wielding a +0 hand axe.
You feel sick.
The orc priest miscasts a cantrip.
Things that are here:
a +1 trident of venom; an orc corpse An orc comes into view.
It is wielding a +2 short sword of protection.
You feel sick.
The orc shouts!
The orc hits you but does no damage.
You feel drained.
You closely miss the orc. You headbutt the orc.
You kill the orc!
You feel sick.
You feel sick.
The orc priest calls down the wrath of Beogh upon you.
Beogh smites you!
* * * LOW HITPOINT WARNING * * *
Things that are here:
a +0 mace of draining; a +0 scale mail You are too injured to fight recklessly!
You are too injured to fight recklessly!
You are too injured to fight recklessly!
Okay, then.
It was a potion of mutation.
You feel extremely strange.
You feel less in control of your magic.
Your bones become slightly less dense.
You feel agile.
You feel sick.
The orc priest hits you with a +0 hand axe.
* * * LOW HITPOINT WARNING * * *
It was a potion of flight.
You feel more buoyant.
* * * LOW HITPOINT WARNING * * *
You feel sick.
The orc priest hits you with a +0 hand axe.
You die...

#......# #......#
#......# .....#####
###....... #.......#
#.#.#.<.#
########.#...#.###.#
....ooo@.)..).....>#
########.##.######.#
#.##.# #.##.# #.##.#
#.##.# #....# #.####


You could see an orc priest and 2 orcs.

Vanquished Creatures
  An adder (D:2)
  A dart slug (D:2)
  3 orcs (D:3)
  5 endoplasms
  A giant cockroach (D:2)
  A hobgoblin (D:2)
  2 jackals (D:2)
  2 kobolds (D:1)
  A quokka (D:1)
  A ball python (D:2)
  2 bats (D:1)
  A frilled lizard (D:1)
  A goblin (D:1)
  6 rats
28 creatures vanquished.

Notes
Turn   | Place    | Note
-------+----------+-------------------------------------------
     0 | D:1      | Chaicat the Minotaur Fighter began the quest for the Orb.
     0 | D:1      | Reached XP level 1. HP: 19/19 MP: 0/0
   271 | D:1      | Reached XP level 2. HP: 27/27 MP: 1/1
   889 | D:2      | Reached XP level 3. HP: 33/33 MP: 2/2
   976 | D:2      | Found a broken altar of Ashenzari.
   985 | D:2      | Became a worshipper of Ashenzari the Shackled
  1026 | D:3      | Gained mutation: Your spells are a little harder to cast,
                  | but a little more powerful. [potion of mutation]
  1026 | D:3      | Gained mutation: You have a somewhat thin skeletal
                  | structure. (Dex +2, Stealth+) [potion of mutation]
  1026 | D:3      | Gained mutation: You are agile. (Dex +4, Str/Int -1)
                  | [potion of mutation]
  1027 | D:3      | Slain by an orc priest

Illustrated notes

Levels and vault maps discovered:
D:1:      eino_arrival_water_cross, layout_rooms
D:2:      layout_basic, basic_altar
D:3:      layout_basic, fiery_altar_vehumet,
          mainiacjoe_overflow_concentric_impassable, minmay_tree_intersection,
          kennysheep_flooded_box

Skill      XL: |  1  2  3 |
---------------+----------+-----
Fighting       | 4 |  4.3
Armour         | 4 |  4.0
Shields        | 4 |  4.0
Axes           | 3 |  3.0

Action                     || total
---------------------------++-------
  Melee: War axe           ||    47
         Headbutt          ||     9
    Use: Scroll            ||     2
         Potion            ||     2
 Armour: Plate armour      ||    27
         Scale mail        ||     3
  Dodge: Dodged            ||    17
  Block: Buckler           ||     9

Table legend: (Time is in decaauts)
 A = Elapsed time spent in this place.
 B = Non-inter-level travel time spent in this place.
 C = Inter-level travel time spent in this place.
 D = Time resting spent in this place.
 E = Time spent auto-exploring this place.
 F = Levels seen in this place.
 G = Mean time per level.
                   A        B        C        D        E       F      G
               +--------+--------+--------+--------+--------+-----+--------+
         Total |   1044 |    997 |     47 |      0 |    781 |   3 |  348.0 |
       Dungeon |   1044 |    997 |     47 |      0 |    781 |   3 |  348.0 |
               +--------+--------+--------+--------+--------+-----+--------+

Top non-repeatable levels by time:
     D:2: 642 daAuts
     D:1: 386 daAuts
     D:3: 15 daAuts
